 Seeded DCSS version 0.29-a0-878-g7b45a56547 (webtiles) character file.

Game seed: 7968154553560935481 (custom seed)

10707 Kazon the Trooper (level 11, 0/58 HPs)
             Began as a Vine Stalker Fighter on July 19, 2022.
             Was an Elder of Makhleb.
             Shot with a bolt by a yaktaur captain (1 damage)
             ... on level 11 of the Dungeon.
             The game lasted 00:58:05 (9070 turns).

Kazon the Trooper (Vine Stalker Fighter)            Turns: 9070, Time: 00:58:06

Health: 0/58       AC: 18    Str: 22    XL:     11   Next: 66%
Magic:  0/25       EV: 10    Int:  8    God:    Makhleb [****..]
Gold:   161        SH:  0    Dex: 15    Spells: 10/10 levels left

rFire   + + .      SeeInvis +   v - +1 broad axe (venom)
rCold   x . .      Faith    .   (no shield)
rNeg    . . .      Spirit   +   M - +1 fire dragon scales
rPois   .          Reflect  .   O - +1 helmet {SInv}
rElec   .          Harm     .   N - +2 cloak
rCorr   .          Rampage  .   (no gloves)
Will    +....                   E - +0 pair of boots
Stlth   +.........              l - amulet of regeneration
HPRegen 1.79/turn               U - ring of magical power
MPRegen 0.19/turn               W - +4 ring of slaying

@: no status effects
A: fangs 3, regeneration 1, magic shield, antimagic bite, no potion heal 2
a: Renounce Religion, Minor Destruction, Lesser Servant of Makhleb, Major
Destruction


You were on level 11 of the Dungeon.
You worshipped Makhleb.
Makhleb was greatly pleased with you.
You visited 2 branches of the dungeon, and saw 12 of its levels.
You also visited: Bailey.

You collected 679 gold pieces.
You spent 518 gold pieces at shops.

Inventory:

Hand Weapons
 a - a +4 dagger of draining
 e - the +11 rapier of the Illusory Friars {pain, Dex+2}
   (You bought it in a shop on level 1 of the Dungeon)

   In the hands of one skilled in necromantic magic, it inflicts extra damage on
   living creatures.
   Dex:       It affects your dexterity (+2).
 s - a +3 scimitar
 v - a +1 broad axe of venom (weapon)
 w - the +8 arbalest of the Morning {penet, rN+}
   (You bought it in a shop on level 8 of the Dungeon)

   Any ammunition fired by it passes through the targets it hits, potentially
   hitting all targets in its path until it reaches maximum range.
   rN:        It protects you from negative energy.
Missiles
 y - 27 stones
 C - a curare-tipped dart
 D - 2 silver javelins
 F - 20 poisoned darts
Armour
 c - a +0 buckler
 E - a +0 pair of boots (worn)
 L - a +2 ring mail of cold resistance
 M - +1 fire dragon scales (worn)
 N - a +2 cloak (worn)
 O - a +1 helmet of see invisible (worn)
 R - the +0 ring mail of the Shining Light {rN+}
   (You found it on level 9 of the Dungeon)

   rN:        It protects you from negative energy.
 V - +0 acid dragon scales
Jewellery
 l - an amulet of regeneration (around neck)
 U - a ring of magical power (left hand)
 W - a +4 ring of slaying (right hand)
Wands
 k - a wand of iceblast (9)
 x - a wand of paralysis (1)
 I - a wand of mindburst (12)
 S - a wand of light (3)
Scrolls
 b - a scroll of immolation {unknown}
 f - 6 scrolls of teleportation {unknown}
 h - 2 scrolls of vulnerability {unknown}
 i - 2 scrolls of identify
 m - a scroll of magic mapping {unknown}
 n - 3 scrolls of poison {unknown}
 q - a scroll of silence {unknown}
 r - 3 scrolls of enchant weapon {unknown}
 t - 4 scrolls of amnesia {unknown}
 u - a scroll of torment {unknown}
 z - a scroll of acquirement {unknown}
 A - 3 scrolls of noise {unknown}
 J - 2 scrolls of fog {unknown}
 K - 2 scrolls of brand weapon {unknown}
 P - a scroll of enchant armour {unknown}
 Q - a scroll of summoning {unknown}
 X - 2 scrolls of blinking {unknown}
Potions
 d - 5 potions of might
 g - 6 potions of curing
 j - 2 potions of mutation
 o - a potion of haste
 p - 3 potions of resistance
 B - 2 potions of invisibility
 G - 2 potions of berserk rage
 H - a potion of magic
 T - a potion of cancellation


   Skills:
 * Level 6.5 Fighting
 + Level 5.5 Short Blades
 + Level 5.9 Axes
 + Level 1.2 Ranged Weapons
 + Level 2.9 Throwing
 + Level 6.1 Armour
 + Level 2.5 Dodging
 + Level 3.9 Stealth
 + Level 4.1 Shields
 * Level 5.8 Necromancy
 * Level 6.2 Invocations
 * Level 5.6 Evocations


You had 10 spell levels left.
You didn't know any spells.
Your spell library contained the following spells:

 Spells                   Type           Power      Damage    Failure   Level
 Necrotise                Necr           36%        1d5       12%         1
 Apportation              Tloc           0%         N/A       77%         1
 Summon Small Mammal      Summ           0%         N/A       77%         1
 Blink                    Tloc           0%         N/A       88%         2
 Scorch                   Fire           0%         2d5       88%         2
 Conjure Flame            Conj/Fire      0%         6-21      98%         3
 Gell's Gravitas          Tloc           0%         N/A       98%         3
 Ignite Poison            Fire/Tmut/Pois 0%         N/A       98%         3
 Lesser Beckoning         Tloc           0%         N/A       98%         3
 Teleport Other           Tloc           0%         N/A       98%         3
 Tukima's Dance           Hex            0%         N/A       98%         3
 Airstrike                Air            0%         0-1+      100%        4
 Flame Wave               Conj/Fire      0%         2d4       100%        4
 Passage of Golubria      Tloc           0%         N/A       100%        4
 Sticky Flame             Conj/Fire      0%         2d3       100%        4
 Summon Lightning Spire   Summ/Air       0%         N/A       100%        4
 Lightning Bolt           Conj/Air       0%         1d11      100%        5
 Manifold Assault         Tloc           0%         N/A       100%        5
 Yara's Violent Unravell  Hex/Tmut       0%         3d3       100%        5
 Conjure Ball Lightning   Conj/Air       0%         3x3d6     100%        6
 Summon Cactus Giant      Summ           0%         N/A       100%        6
 Discord                  Hex            0%         N/A       100%        8
 Disjunction              Tloc           0%         N/A       100%        8


Dungeon Overview and Level Annotations

Branches:
Dungeon (11/15)            Temple (1/1) D:5             Orc (0/2) D:10
 Bailey (visited)
   Lair: D:8-11

Altars:
Ashenzari
Cheibriados
Fedhas
Hepliaklqana
Kikubaaqudgha
Makhleb
Nemelex Xobeh
Qazlal
Ru
Trog
Xom
Zin

Shops:
D:1 (![   D:8 **!(!


Innate Abilities, Weirdness & Mutations

You have razor-sharp teeth.
Your natural rate of healing is unusually fast.
When hurt, damage is shared between your health and your magic reserves.
Your bite disrupts and absorbs the magic of your enemies.
Potions cannot restore your health.


Message History

The manticore bites you but does no damage.
The manticore barely misses you.
The manticore claws you but does no damage.
Unknown command.
You slash the manticore!
The manticore is poisoned.
You bite the manticore, but do no damage.
The manticore is lightly wounded.
You barely miss the ice dragon. The ice dragon bites you.
The ice dragon claws you but does no damage.
The ice dragon tramples you but does no damage.
The manticore bites you!
The manticore claws you but does no damage. x2
You slash the ice dragon!
The ice dragon looks as sick as possible!
The ice dragon is almost dead.
You slash the manticore!
The manticore looks as sick as possible!
You kill the ice dragon!
Makhleb accepts your kill.
You feel better. The manticore barely misses you.
The manticore claws you but does no damage.
The manticore claws you!
The yaktaur captain wields a +0 arbalest of freezing.
It is covered in frost.
The yaktaur captain shoots a bolt.
The bolt hits you!! The bolt freezes you.
Your hellwing hits the manticore but does no damage.
Your hellwing hits the manticore.
You hear a shout!
You hit the manticore.
The manticore looks as sick as possible!
The manticore is heavily wounded.
The manticore bites you!
* * * LOW HITPOINT WARNING * * *
The manticore claws you but does no damage. x2
Your hellwing barely misses the manticore.
Your hellwing hits the manticore.
The yaktaur captain shoots a bolt.
The bolt hits you!!
* * * LOW HITPOINT WARNING * * *
The bolt freezes you.
You die...

♣♣♣.........♣♣♣##...##
...............##.....
♣♣♣.........♣♣♣#......
♣♣♣♣♣.♣♣♣♣♣ #......
#.## ####### ♣..♣♣
#...♣ # ♣♣♣♣..♣♣
#.♣♣♣♣# ♣♣4H♣♣..♣♣
#.....# ♣♣.@†c♣♣..♣♣
#♣♣♣♣.#
♣♣..♣♣♣c♣♣..♣♣#.....#
♣♣..♣♣ .♣♣..♣#.♣♣♣♣#
.♣♣♣♣#♣..♣♣
.♣♣..#.....#
.........♣♣
♣♣....♣♣♣..
.♣♣♣♣#♣♣..♣♣
#♣..♣#....)# ♣♣..♣♣
#♣..♣♣#.♣♣♣♣#
♣♣..♣♣♣♣..♣♣ #.....#
♣♣..♣♣..♣♣ #♣♣♣♣.#


You could see a yaktaur captain, a centaur warrior, a manticore (distracted,
extremely poisoned, ally target) and a friendly hellwing (summoned).

Vanquished Creatures
  An ice dragon (D:11)
  Pikel (D:5)
  2 orc knights (Bailey)
  Joseph (D:8)
  Maurice (D:8)
  A troll (D:9)
  2 hornets (D:9)
  Grinder (D:5)
  Sigmund (D:2)
  3 wraiths
  6 yaks (D:9)
  2 wyverns (D:9)
  3 vampire mosquitoes (D:11)
  2 steam dragons (D:8)
  3 acid dragons
  2 water moccasins
  Duvessa (D:7)
  An ice beast (D:5)
  10 orc warriors
  A black bear (D:5)
  2 sky beasts
  2 ogres
  4 centaurs
  2 kobold brigands
  2 bullfrogs (D:6)
  A scorpion (D:7)
  A necrophage (D:8)
  18 wights
  Dowan (D:7)
  4 killer bees (D:8)
  A howler monkey (D:9)
  An electric eel (D:6)
  5 jellies
  A gnoll bouda (D:6)
  2 orc priests
  3 hounds
  Ijyb (D:4)
  Jessica (D:2)
  3 iguanas
  Natasha (thrice) (D:2)
  4 orc wizards
  Robin (D:3)
  7 gnolls
  3 adders
  3 white imps
  3 worms
  65 orcs
  3 bats
  4 endoplasms
  2 giant cockroaches
  14 goblins
  10 hobgoblins
  6 jackals (D:2)
  2 quokkas
  4 ball pythons
  3 frilled lizards (D:2)
  10 kobolds
  5 rats
252 creatures vanquished.

Vanquished Creatures (others)
  A wight (D:8)
  2 plants (D:6)
3 creatures vanquished.

Grand Total: 255 creatures vanquished

Notes
Turn   | Place    | Note
-------+----------+-------------------------------------------
     0 | D:1      | Kazon the Vine Stalker Fighter began the quest for the Orb.
     0 | D:1      | Reached XP level 1. HP: 11/11 MP: 2/2
    59 | D:1      | Found Binoet's Distillery.
    71 | D:1      | Bought a potion of degeneration for 12 gold pieces
   173 | D:1      | Found a faded altar of an unknown god.
   195 | D:1      | Found Bogoojeo's Antique Weapon Boutique.
   214 | D:1      | Reached XP level 2. HP: 13/16 MP: 3/3
   279 | D:1      | Found Wodociga's Antique Armour Shoppe.
   960 | D:2      | Noticed Sigmund
  1048 | D:2      | Reached XP level 3. HP: 18/20 MP: 4/4
  1149 | D:2      | Noticed Natasha
  1155 | D:2      | Killed Natasha
  1156 | D:2      | Reached skill level 1 in Stealth
  1555 | D:2      | Gained mutation: Your natural rate of healing is unusually
                  | fast. [Vine Stalker growth]
  1555 | D:2      | Reached XP level 4. HP: 22/24 MP: 3/5
  1575 | D:2      | Noticed Jessica
  1583 | D:2      | Killed Jessica
  1584 | D:2      | Reached skill level 1 in Throwing
  1584 | D:2      | Reached skill level 1 in Evocations
  1812 | D:2      | Killed Sigmund
  1813 | D:2      | Reached XP level 5. HP: 28/28 MP: 4/6
  1813 | D:2      | Reached XP level 6. HP: 32/32 MP: 4/7
  2047 | D:3      | Found a stormy altar of Qazlal.
  2096 | D:3      | Found a shimmering altar of Xom.
  2097 | D:3      | Found a shimmering altar of Xom.
  2097 | D:3      | Found a shimmering altar of Xom.
  2097 | D:3      | Found a shimmering altar of Xom.
  2106 | D:3      | Found a shimmering altar of Xom.
  2107 | D:3      | Found a shimmering altar of Xom.
  2271 | D:2      | Noticed Natasha
  2279 | D:2      | Killed Natasha
  2312 | D:2      | Noticed Natasha
  2319 | D:2      | Killed Natasha
  2462 | D:3      | Noticed Robin
  2481 | D:3      | Killed Robin
  2660 | D:4      | Reached XP level 7. HP: 7/37 MP: 2/8
  2808 | D:4      | Noticed Ijyb
  2823 | D:4      | Killed Ijyb
  3049 | D:1      | Bought a bloodstained rapier for 180 gold pieces
  3049 | D:1      | Identified the +11 rapier of the Illusory Friars {pain,
                  | Dex+2} (You bought it in a shop on level 1 of the Dungeon)
  3535 | D:5      | Entered Level 5 of the Dungeon
  3564 | D:5      | Found a staircase to the Ecumenical Temple.
  3572 | Temple   | Entered the Ecumenical Temple
  3596 | Temple   | Became a worshipper of Makhleb the Destroyer
  3785 | D:5      | Reached skill level 1 in Necromancy
  3785 | D:5      | Reached skill level 1 in Invocations
  3795 | D:5      | Noticed Pikel
  3805 | D:5      | Killed Pikel
  3806 | D:5      | Reached skill level 1 in Dodging
  3806 | D:5      | Gained mutation: You have razor-sharp teeth. [Vine Stalker
                  | growth]
  3806 | D:5      | Reached XP level 8. HP: 16/42 MP: 3/10
  4260 | D:5      | Noticed Grinder
  4261 | D:5      | Paralysed by Grinder for 3 turns
  4269 | D:5      | Paralysed by Grinder for 4 turns
  4279 | D:5      | Killed Grinder
  4280 | D:5      | Reached skill level 5 in Short Blades
  4280 | D:5      | Reached XP level 9. HP: 38/46 MP: 8/12
  4454 | D:6      | Reached skill level 1 in Axes
  5314 | D:7      | Reached * piety under Makhleb
  5370 | D:7      | Noticed Duvessa
  5370 | D:7      | Noticed Dowan
  5380 | D:7      | Killed Duvessa
  5383 | D:7      | Killed Dowan
  5384 | D:7      | Reached skill level 5 in Fighting
  5554 | D:7      | Found a flagged portal.
  5564 | Bailey   | Entered a bailey
  5725 | Bailey   | Noticed an orc knight
  5730 | Bailey   | Killed an orc knight
  5730 | Bailey   | Reached ** piety under Makhleb
  5731 | Bailey   | Reached XP level 10. HP: 51/51 MP: 12/14
  5756 | Bailey   | Noticed an orc knight
  5773 | Bailey   | HP: 1/51 [orc knight/+0 halberd (18)]
  5774 | Bailey   | Killed an orc knight
  6546 | D:7      | Reached skill level 5 in Armour
  6724 | D:8      | Found Lonan's General Store.
  6724 | D:8      | Found Aquskyst's General Store.
  6726 | D:8      | Found Bouwusm's Distillery.
  6821 | D:8      | Noticed Joseph
  6832 | D:8      | Killed Joseph
  6887 | D:8      | Noticed Maurice
  6900 | D:8      | Reached skill level 5 in Invocations
  6917 | D:8      | Killed Maurice
  6918 | D:8      | Reached skill level 5 in Necromancy
  7018 | D:8      | Found a sparkling altar of Nemelex Xobeh.
  7069 | D:8      | Reached skill level 5 in Evocations
  7152 | D:8      | Found Hefossumoi's Antique Weapon Shop.
  7213 | D:8      | Found Inac's Distillery.
  7292 | D:8      | Bought a twisted arbalest for 228 gold pieces
  7292 | D:8      | Identified the +8 arbalest of the Morning {penet, rN+} (You
                  | bought it in a shop on level 8 of the Dungeon)
  7303 | D:9      | Found a broken altar of Ashenzari.
  7321 | D:9      | Reached skill level 5 in Axes
  7324 | D:9      | Reached XP level 11. HP: 56/56 MP: 14/16
  7547 | D:1      | Bought a glowing giant spiked club for 98 gold pieces
  7744 | D:9      | Reached *** piety under Makhleb
  7755 | D:9      | Identified the +0 ring mail of the Shining Light {rN+}
  8013 | D:9      | Paralysed by a hornet for 2 turns
  8278 | D:10     | Entered Level 10 of the Dungeon
  8349 | D:10     | Found a staircase to the Orcish Mines.
  8364 | D:10     | Reached **** piety under Makhleb
  8921 | D:11     | Reached skill level 1 in Ranged Weapons
  9051 | D:11     | Noticed a manticore
  9051 | D:11     | Noticed an ice dragon
  9051 | D:11     | Noticed a yaktaur captain
  9062 | D:11     | Noticed a centaur warrior
  9069 | D:11     | Killed an ice dragon
  9070 | D:11     | HP: 1/58 [yaktaur captain/bolt (13)]
  9070 | D:11     | Shot with a bolt by a yaktaur captain

Illustrated notes

Levels and vault maps discovered:
D:1:      dpeg_arrival_rooms_c, layout_basic,
          chequers_ecumenical_altar_simple_redux, serial_shops, shop_fountains,
          shop, shop, chequers_arboretum
D:2:      layout_loops_ring, minmay_between, uniq_sigmund, uniq_jessica,
          uniq_natasha
D:3:      layout_rooms, nicolae_qazlal_scattered_showers, xom_redecorated,
          uniq_robin
D:4:      layout_loops_corners, minivault_4, uniq_ijyb
D:5:      layout_basic, minmay_temple_entry_glassed_door, uniq_grinder,
          uniq_pikel
D:6:      layout_basic, serial_bayou_pond_c, water_maze_lemuel
D:7:      layout_layer_cave, enter_bailey_2, uniq_duvessa
D:8:      layout_cave_pools, nemelex_spade_bored_becter, serial_shops, shop,
          shop, nicolae_shop_crystal, nicolae_shop_advertising_works
          [nicolae_subvault_shop_adworks], nicolae_stop_n_shop_1, uniq_maurice,
          uniq_joseph
D:9:      layout_roguey, ashenzari_altar_1
D:10:     layout_cave_pools, hiddenorc2_lemuel
D:11:     nzn_winding_woodlands_cross [nzn_winding_woodlands_5x15_cabin,
          nzn_winding_woodlands_5x15_pockets,
          nzn_winding_woodlands_5x15_sidewinder,
          nzn_winding_woodlands_5x15_default,
          nzn_winding_woodlands_15x15_thick_spiral], layout_small_grid,
          serial_glass, glass_columns_b, glass_columns_c,
          chequers_serial_rivers_room_a
Temple:   regret_index_temple_chain_breaker

Skill      XL: |  1  2  3  4  5  6  7  8  9 10 11 |
---------------+----------------------------------+-----
Short Blades   | 2 3 4 5 |  5.5
Fighting       | 3 4 5 6 |  6.5
Stealth        | 1 2 3 |  3.9
Throwing       | 1 2 |  2.9
Evocations     | 1 2 3 4 5 |  5.6
Armour         | 3 4 5 6 |  6.1
Shields        | 3 4 |  4.1
Necromancy     | 2 4 5 |  5.8
Invocations    | 1 2 4 5 6 |  6.2
Dodging        | 1 2 |  2.5
Axes           | 3 5 |  5.9
Ranged Weapons | 1 |  1.2

Action                   |  1- 3 |  4- 6 |  7- 9 | 10-12 || total
-------------------------+-------+-------+-------+-------++-------
Melee: Rapier            |    63 |   119 |    84 |    77 ||   343
       Bite              |    13 |    31 |    63 |    75 ||   182
       Dagger            |       |       |    16 |       ||    16
       Broad axe         |       |       |   146 |   163 ||   309
       Punch             |       |       |       |     2 ||     2
 Fire: Arbalest          |       |       |       |    32 ||    32
Throw: Stone             |     9 |    21 |    33 |       ||    63
Invok: Minor Destruction |       |       |       |    13 ||    13
       Lesser Servant of |       |       |       |     2 ||     2
Evoke: Wand              |       |       |     3 |     2 ||     5
  Use: Scroll            |       |       |     6 |     2 ||     8
       Potion            |       |       |     1 |     1 ||     2
Armor: Scale mail        |    19 |    54 |   103 |       ||   176
       Chain mail        |       |       |     3 |     8 ||    11
       Fire dragon scale |       |       |       |   139 ||   139
Dodge: Dodged            |    17 |    46 |   120 |   155 ||   338
Block: Buckler           |    11 |    21 |    58 |    33 ||   123

Table legend: (Time is in decaauts)
 A = Elapsed time spent in this place.
 B = Non-inter-level travel time spent in this place.
 C = Inter-level travel time spent in this place.
 D = Time resting spent in this place.
 E = Time spent auto-exploring this place.
 F = Levels seen in this place.
 G = Mean time per level.
                   A        B        C        D        E       F      G
               +--------+--------+--------+--------+--------+-----+--------+
         Total |   9284 |   8420 |    864 |    267 |   2952 |  13 |  714.2 |
       Dungeon |   8815 |   7971 |    844 |    267 |   2875 |  11 |  801.4 |
        Temple |     44 |     24 |     20 |      0 |     13 |   1 |   44.0 |
        Bailey |    424 |    424 |      0 |      0 |     64 |   1 |  424.0 |
               +--------+--------+--------+--------+--------+-----+--------+

Top non-repeatable levels by time:
     D:1: 1328 daAuts
     D:7: 1170 daAuts
     D:2: 1035 daAuts
     D:6: 898 daAuts
     D:5: 896 daAuts
     D:4: 837 daAuts
     D:9: 674 daAuts
     D:8: 656 daAuts
    D:10: 562 daAuts
     D:3: 521 daAuts
  Bailey: 424 daAuts
    D:11: 234 daAuts
  Temple: 44 daAuts
